 Dungeon Crawl Stone Soup version 0.27-a0-965-gbf8bb431c4 (webtiles) character file.

Game seed: 11110817705818510849

598 dolemite99 the Chopper (level 7, -2/52 HPs)
             Began as a Human Fighter on Apr 13, 2021.
             Was an Initiate of Gozag.
             Killed by nerve-wracking pain
             ... invoked by an orc priest
              (10 damage)
             ... on level 5 of the Dungeon.
             The game lasted 00:05:25 (5591 turns).

dolemite99 the Chopper (Human Fighter)              Turns: 5591, Time: 00:05:25

Health: -2/52      AC:  7    Str: 19    XL:     7   Next: 68%
Magic:  7/7        EV: 10    Int:  8    God:    Gozag
Gold:   284        SH:  0    Dex: 12    Spells: 6/6 levels left

rFire    + . .     SeeInvis .   a - +0 war axe (flame)
rCold    + . .     Faith    .   (no shield)
rNeg     . . .     Spirit   .   x - +1 ring mail {rPois}
rPois    +         Reflect  .   (no helmet)
rElec    +         Harm     .   (no cloak)
rCorr    +         Rampage  .   (no gloves)
Will     .....                  t - +0 pair of boots
Stlth    +.........             (no amulet)
HPRegen  0.17/turn              (no ring)
MPRegen  0.10/turn              (no ring)

@: resistant, gold aura
A: no striking features
a: Renounce Religion, Potion Petition, Call Merchant, Bribe Branch


You were on level 5 of the Dungeon.
You worshipped Gozag.
Gozag was aware of your devotion.
You visited 1 branch of the dungeon, and saw 5 of its levels.

You collected 706 gold pieces.
You spent 422 gold pieces at shops.

Inventory:

Hand Weapons
 a - a +0 war axe of flaming (weapon)
 b - a +2 hand crossbow of flaming
 p - a +2 mace of protection
 r - a +0 short sword of protection
 z - a +4 dire flail of protection
Missiles
 e - 51 arrows
 k - 46 bolts
 l - 34 sling bullets
 o - 25 poisoned darts (quivered)
Armour
 c - a +0 kite shield
 t - a +0 pair of boots (worn)
 v - a +0 scale mail
 x - a +1 ring mail of poison resistance (worn)
Jewellery
 f - a ring of ice
 s - a +4 ring of evasion
Wands
 w - a wand of flame (24)
 D - a wand of iceblast (9)
 E - a wand of acid (5)
Scrolls
 i - a scroll of teleportation {unknown}
 n - 4 scrolls of identify {@r1}
 q - a scroll of immolation {unknown}
 u - a scroll of enchant armour
 y - a scroll of enchant weapon {unknown}
 A - a scroll of silence {unknown}
 B - a scroll of blinking {unknown}
 C - a scroll of acquirement {unknown}
Potions
 d - a potion of might
 j - 2 potions of flight {unknown}
 m - a potion of magic {unknown}


   Skills:
 - Level 3.0 Fighting
 - Level 6.4(6.8) Axes
 + Level 3.4(5.3) Maces & Flails
 + Level 2.6 Crossbows
 - Level 3.0 Armour
 - Level 3.0 Shields


You had 6 spell levels left.
You didn't know any spells.
Your spell library contained the following spells:

 Spells                   Type           Power      Damage    Failure   Level
 Animate Skeleton         Necr           0%         N/A       58%         1
 Apportation              Tloc           0%         N/A       58%         1
 Corona                   Hex            0%         N/A       58%         1
 Summon Small Mammal      Summ           0%         N/A       58%         1


Dungeon Overview and Level Annotations

Branches:
Dungeon (5/15)
 Temple: D:4-7

Altars:
Gozag
The Shining One

Shops:
D:2 *

Annotations:
D:3 1 runed translucent door, Gorgondantess's ghost, amateur OpTm


Message History

You hit the orc but do no damage.
You feel very sick. The orc closely misses you.
The scorpion stings you but does no damage.
You barely miss the scorpion.
The scorpion is severely wounded.
You hit the orc but do no damage.
You feel sick. The scorpion stings you! The orc barely misses you.
The scorpion stings you.
You are more poisoned.
The scorpion poisons you! The orc closely misses you.
You are too injured to fight recklessly!
You are too injured to fight recklessly!
You feel better. The scorpion barely misses you. The orc closely misses you.
You barely miss the scorpion.
The scorpion is severely wounded.
You hit the orc but do no damage. The scorpion stings you.
The orc hits you but does no damage.
You hit the scorpion but do no damage.
The scorpion is severely wounded.
You barely miss the orc priest. You hit the orc. You burn the orc.
The scorpion barely misses you. The orc priest hits you with a +0 club.
The orc hits you with a +0 flail.
* * * LOW HITPOINT WARNING * * *
The scorpion stings you but does no damage.
You feel better. The orc priest hits you with a +0 club.
* * * LOW HITPOINT WARNING * * *
The orc misses you. The scorpion stings you!
* * * LOW HITPOINT WARNING * * *
You feel protected.
The scorpion stings you but does no damage.
The orc priest hits you but does no damage.
The orc barely misses you.
You hit the scorpion. You burn the scorpion.
You kill the scorpion!
You hit the orc priest but do no damage.
You hit the orc but do no damage.
The orc priest calls down the wrath of Beogh upon you.
Pain shoots through your body!
You die...
Your body crumbles into a pile of gold.

.# .#
#####.#
##.)...##
##.......##
#..<......#
#...o.....#
#...$@<...#
#....o....#
#..(...$..#
##.(.....##
#..(......#
#..((.....#
#.........#
#......[."#


You could see an orc priest and an orc.

Vanquished Creatures
  Edmund (D:4)
  2 water moccasins
  An ogre (D:4)
  A scorpion (D:5)
  A hound (D:4)
  An iguana (D:4)
  Robin (D:4)
  3 adders
  3 worms
  2 dart slugs
  2 orcs
  10 ball pythons
  3 bats
  11 endoplasms
  A giant cockroach (D:3)
  15 goblins
  7 hobgoblins
  3 quokkas
  7 frilled lizards
  7 kobolds
  4 rats
86 creatures vanquished.

Vanquished Creatures (others)
  2 withered plants (D:3)
2 creatures vanquished.

Grand Total: 88 creatures vanquished

Notes
Turn   | Place    | Note
-------+----------+-------------------------------------------
     0 | D:1      | dolemite99 the Human Fighter began the quest for the Orb.
     0 | D:1      | Reached XP level 1. HP: 18/18 MP: 1/1
   260 | D:1      | Reached XP level 2. HP: 24/24 MP: 2/2
   594 | D:1      | Found a faded altar of an unknown god.
   612 | D:1      | Reached skill level 3 in Axes
   622 | D:1      | Became a worshipper of Gozag Ym Sagoz the Greedy
   784 | D:1      | Reached XP level 3. HP: 22/29 MP: 3/3
  1424 | D:2      | You fall into a shaft and drop 1 floor!
  1493 | D:3      | Found a runed translucent door.
  1494 | D:3      | Noticed Gorgondantess's ghost (amateur OpTm)
  1580 | D:3      | Noticed a water moccasin
  1594 | D:3      | Killed a water moccasin
  1595 | D:3      | Reached skill level 5 in Axes
  1595 | D:3      | Reached XP level 4. HP: 4/35 MP: 4/4
  1595 | D:3      | Reached XP level 5. HP: 5/41 MP: 5/5
  3053 | D:2      | Found a glowing golden altar of the Shining One.
  3455 | D:2      | Found Noiwar's General Store.
  3461 | D:2      | Reached XP level 6. HP: 47/47 MP: 6/6
  3473 | D:2      | Bought a scroll of identify for 26 gold pieces
  3473 | D:2      | Bought a scroll of enchant armour for 97 gold pieces
  3473 | D:2      | Bought a +2 hand crossbow of flaming for 237 gold pieces
  4072 | D:4      | Reached skill level 1 in Crossbows
  4335 | D:4      | Noticed Edmund
  4342 | D:4      | Killed Edmund
  4343 | D:4      | Reached skill level 6 in Axes
  4549 | D:4      | Reached XP level 7. HP: 52/52 MP: 7/7
  4563 | D:4      | Noticed Robin
  4584 | D:4      | Killed Robin
  4585 | D:4      | Reached skill level 1 in Maces & Flails
  5094 | D:2      | Bought 24 bolts for 62 gold pieces
  5235 | D:5      | Entered Level 5 of the Dungeon
  5238 | D:5      | Noticed a water moccasin
  5257 | D:4      | Killed a water moccasin
  5591 | D:5      | Killed from afar by an orc priest

Illustrated notes

Levels and vault maps discovered:
D:1:      amcnicky_arrival_abandoned_market, layout_rooms,
          hellmonk_ecumenical_altar_inner_sanctum, minmay_hexomino_f4
D:2:      layout_basic, serial_aquarium, aquarium_bridge_square
          [aquarium_subvault_bridge, aquarium_subvault_bridge,
          aquarium_subvault_wall, aquarium_subvault_bridge],
          aquarium_window_fake, aquarium_window_corridor_3, aquarium_window_1,
          aquarium_view_2e, aquarium_balcony_1b, serial_shops, shop, basic_altar
D:3:      layout_basic, gammafunk_ghost_grave, minmay_fractal_squares_diagonal_5
D:4:      layout_basic, uniq_robin, uniq_edmund
D:5:      layout_rooms, roderic_roman_lattice, uniq_eustachio

Skill      XL: |  1  2  3  4  5  6  7 |
---------------+----------------------+-----
Axes           | 3 5 6 |  6.4
Crossbows      | 2 |  2.6
Maces & Flails | 3 |  3.4
Fighting       | |  3.0
Armour         | |  3.0
Shields        | |  3.0

Action                   |  1- 3 |  4- 6 |  7- 9 || total
-------------------------+-------+-------+-------++-------
Melee: War axe           |   127 |    54 |    17 ||   198
 Fire: Hand crossbow     |       |    59 |    24 ||    83
Throw: Dart              |    13 |    10 |       ||    23
Evoke: Wand              |       |       |     2 ||     2
  Use: Potion            |     3 |       |     3 ||     6
       Scroll            |     1 |       |       ||     1
Armor: Scale mail        |    97 |    32 |       ||   129
       Ring mail         |       |     5 |    14 ||    19
Dodge: Dodged            |    85 |    34 |    22 ||   141

Table legend: (Time is in decaauts)
 A = Elapsed time spent in this place.
 B = Non-inter-level travel time spent in this place.
 C = Inter-level travel time spent in this place.
 D = Time resting spent in this place.
 E = Time spent auto-exploring this place.
 F = Levels seen in this place.
 G = Mean time per level.
                   A        B        C        D        E       F      G
               +--------+--------+--------+--------+--------+-----+--------+
         Total |   5687 |   5275 |    412 |   1621 |   2743 |   5 | 1137.4 |
       Dungeon |   5687 |   5275 |    412 |   1621 |   2743 |   5 | 1137.4 |
               +--------+--------+--------+--------+--------+-----+--------+

Top non-repeatable levels by time:
     D:3: 1973 daAuts
     D:2: 1334 daAuts
     D:4: 1293 daAuts
     D:1: 1060 daAuts
     D:5: 25 daAuts
